 Dungeon Crawl Stone Soup version 0.30-a0-618-gd6c86c23d0 (webtiles) character file.

Game seed: 3827492905976512328

107 testman the Trooper (level 5, -5/43 HPs)
             Began as a Formicid Fighter on Jan 9, 2023.
             Was an Initiate of the Shining One.
             Slain by an iguana (8 damage)
             ... on level 6 of the Dungeon.
             The game lasted 00:06:15 (1984 turns).

testman the Trooper (Formicid Fighter)              Turns: 1984, Time: 00:06:15

Health: -5/43      AC:  6    Str: 23    XL:     5   Next: 10%
Magic:  5/5        EV:  9    Int:  7    God:    the Shining One [......]
Gold:   189        SH: 10    Dex: 13    Spells: 4/4 levels left

rFire   + . .      SeeInvis +    a - +0 flail
rCold   + . .      Faith    .    c - +0 buckler
rNeg    . . .      Spirit   .    b - +0 scale mail
rPois   .          Reflect  +    (helmet unavailable)
rElec   .          Harm     .    r - scarf {rC+ rF+}
rCorr   +          Rampage  .    (no gloves)
Will    .....                    (no boots) Stlth
                                 j - amulet of reflection
HPRegen 0.27/turn                n - ring of resist corrosion
MPRegen 0.09/turn                x - +4 ring of slaying

@: mighty, glowing
A: permanent stasis, dig shafts and tunnels, antennae 3, four strong arms
a: Dig, Shaft Self, Renounce Religion


You were on level 6 of the Dungeon.
You worshipped the Shining One.
The Shining One was noncommittal.
You visited 1 branch of the dungeon, and saw 5 of its levels.

You collected 189 gold pieces.

Inventory:

Hand Weapons
 a - a +0 flail (weapon)
Missiles
 h - 2 poisoned darts (quivered)
 v - 3 atropa-tipped darts
Armour
 b - a +0 scale mail (worn)
 c - a +0 buckler (worn)
 r - a scarf of resistance (worn)
Jewellery
 j - an amulet of reflection (around neck)
 n - a ring of resist corrosion (left hand)
 x - a +4 ring of slaying (right hand)
Scrolls
 f - a scroll of magic mapping {unknown}
 g - a scroll of blinking {unknown}
 i - 2 scrolls of poison {unknown}
 k - a scroll of amnesia {unknown}
 l - a scroll of fog {unknown}
 o - 6 scrolls of identify {unknown}
 q - a scroll of noise {unknown}
 s - a scroll of immolation {unknown}
 u - a scroll of brand weapon {unknown}
Potions
 d - 2 potions of might
 e - a potion of haste {unknown}
 m - a potion of flight {unknown}
 p - 4 potions of heal wounds {unknown}
 t - a potion of brilliance {unknown}
 w - 2 potions of cancellation {unknown}
 z - a potion of attraction {unknown}
 A - 2 potions of lignification {unknown}
 B - a potion of degeneration {unknown}


   Skills:
 + Level 4.8 Fighting
 + Level 3.6 Maces & Flails
 - Level 3.2 Armour
 - Level 4.0 Shields
 + Level 0.0 Invocations


You had 4 spell levels left.
You didn't know any spells.
Your spell library contained the following spells:

 Spells                   Type           Power      Damage    Failure   Level
 Magic Dart               Conj           0%         1d3       82%         1
 Sandblast                Erth           0%         2d4       82%         1
 Call Imp                 Summ           0%         N/A       91%         2
 Passwall                 Tmut/Erth      0%         N/A       91%         2
 Sublimation of Blood     Necr           0%         N/A       91%         2
 Wereblood                Tmut           0%         N/A       91%         2
 Dazzling Flash           Conj/Hex       0%         N/A       99%         3
 Gell's Gravitas          Tloc           0%         N/A       99%         3
 Lesser Beckoning         Tloc           0%         N/A       99%         3
 Mephitic Cloud           Conj/Pois/Air  0%         N/A       99%         3
 Stone Arrow              Conj/Erth      0%         3d7       99%         3
 Teleport Other           Tloc           0%         N/A       99%         3
 Iskenderun's Mystic Bla  Conj/Tloc      0%         2d3       100%        4
 Starburst                Conj/Fire      0%         6d3       100%        6
 Summon Hydra             Summ           0%         N/A       100%        7


Dungeon Overview and Level Annotations

Branches:
Dungeon (6/15)
 Temple: D:4-7

Altars:
Elyvilon
Sif Muna
Wu Jian
The Shining One


Innate Abilities, Weirdness & Mutations

You cannot be hasted, slowed, berserked, paralysed or teleported.
You can dig through walls and to a lower floor.
You have a pair of large antennae on your head. (SInv)
Your four strong arms can wield two-handed weapons with a shield.


Message History

Found a stone staircase leading up.
Found a stone staircase leading down.
Found a bubbling ruby potion.
Found a stone staircase leading down.
Found 36 gold pieces.
B - a bubbling ruby potion You now have 161 gold pieces (gained 21).
You now have 176 gold pieces (gained 15).
Found a scroll labelled VISOPL HURGHIOCS.
An electric eel comes into view.
The electric eel shoots out a bolt of lightning at you!
The bolt of electricity hits you.
There is a stone staircase leading up here.
You start resting.
HP restored.
You climb upwards.
Found two altars.
There is a stone staircase leading down here.
There's nothing to open nearby.
There is a stone staircase leading down here.
You climb downwards.
There is a stone staircase leading up here.
An iguana and an electric eel come into view.
Found a short sword.
The iguana hisses angrily.
Found a metallic brown potion.
The electric eel shoots out a bolt of lightning at you!
The bolt of electricity hits you!
You see here 13 gold pieces.
You now have 189 gold pieces (gained 13).
The electric eel shoots out a bolt of lightning at you!
The bolt of electricity hits you!
Found a shimmering blue altar of Sif Muna.
You feel very mighty all of a sudden.
You barely miss the iguana. The iguana bites you!
* * * LOW HITPOINT WARNING * * *
You barely miss the iguana. The iguana bites you!
* * * LOW HITPOINT WARNING * * *
You barely miss the iguana. The iguana closely misses you.
The iguana bites you!
You die...

#. .# #.###.. # #.
...##.# #
#.#....#.#.# ..
._.... #. ....# #
#.##...# # #.
#.@l.###.#..#..
#..####.....#......
#.......#####.......
#...................
###.................
##................
#...!............
##...............
###.#....~~~~)~~


You could see an iguana.

Vanquished Creatures
  A gnoll (D:2)
  2 adders (D:2)
  A white imp (D:3)
  2 worms (D:2)
  2 dart slugs
  An orc (D:3)
  3 bats (D:2)
  2 endoplasms (D:2)
  3 giant cockroaches
  3 goblins
  4 hobgoblins
  6 jackals
  3 quokkas (D:1)
  6 ball pythons
  5 frilled lizards
  A goblin skeleton (D:3)
  A goblin zombie (D:3)
  3 hobgoblin zombies (D:3)
  4 kobolds (D:1)
  A kobold skeleton (D:3)
  A kobold zombie (D:3)
  An orc skeleton (D:3)
  3 orc zombies (D:3)
  5 rats
64 creatures vanquished.

Notes
Turn   | Place    | Note
-------+----------+-------------------------------------------
     0 | D:1      | testman the Formicid Fighter began the quest for the Orb.
     0 | D:1      | Reached XP level 1. HP: 18/18 MP: 1/1
   137 | D:1      | Reached XP level 2. HP: 24/24 MP: 2/2
   637 | D:1      | Reached XP level 3. HP: 24/30 MP: 3/3
  1045 | D:2      | Reached XP level 4. HP: 32/37 MP: 4/4
  1743 | D:3      | Found a glowing golden altar of the Shining One.
  1752 | D:3      | Reached XP level 5. HP: 38/43 MP: 5/5
  1766 | D:3      | Became a worshipper of the Shining One
  1882 | D:3      | You fall into a shaft and drop 3 floors!
  1940 | D:5      | Entered Level 5 of the Dungeon
  1940 | D:5      | Found an ornate altar of the Wu Jian Council.
  1940 | D:5      | Found a white marble altar of Elyvilon.
  1975 | D:6      | Found a shimmering blue altar of Sif Muna.
  1984 | D:6      | Slain by an iguana

Illustrated notes

Levels and vault maps discovered:
D:1:      heliophobic_arrival_ceremonial_halls, layout_loops_corners
D:2:      layout_basic, minmay_tromino_v4_a
D:3:      layout_basic, nicolae_tso_besieged_by_evil, mrwooster_statue_mirror,
          grunt_ministairs_9, feat_on_display
D:5:      layout_basic, nicolae_overflow_hidden_temple, serial_shops,
          nicolae_shop_bloodbath_and_beyond
D:6:      layout_cave_pools, nicolae_overflow_crystal_walls,
          kennysheep_mini_moat, minmay_temple_entry_large_hall, minivault_14,
          corexii_checkpoint_b

Skill      XL: |  1  2  3 |
---------------+----------+-----
Fighting       | 4 |  4.8
Maces & Flails | 3 |  3.6
Armour         | |  3.2
Shields        | |  4.0

Action                   |  1- 3 |  4- 6 || total
-------------------------+-------+-------++-------
Melee: Flail             |    96 |    91 ||   187
Throw: Dart              |       |     2 ||     2
  Use: Potion            |       |     1 ||     1
Armor: Scale mail        |    45 |    36 ||    81
Dodge: Dodged            |    40 |    19 ||    59
Block: Buckler           |    39 |    43 ||    82
       Reflection        |       |     1 ||     1

Table legend: (Time is in decaauts)
 A = Elapsed time spent in this place.
 B = Non-inter-level travel time spent in this place.
 C = Inter-level travel time spent in this place.
 D = Time resting spent in this place.
 E = Time spent auto-exploring this place.
 F = Levels seen in this place.
 G = Mean time per level.
                   A        B        C        D        E       F      G
               +--------+--------+--------+--------+--------+-----+--------+
         Total |   2035 |   1985 |     50 |     16 |   1422 |   5 |  407.0 |
       Dungeon |   2035 |   1985 |     50 |     16 |   1422 |   5 |  407.0 |
               +--------+--------+--------+--------+--------+-----+--------+

Top non-repeatable levels by time:
     D:1: 1023 daAuts
     D:2: 695 daAuts
     D:3: 213 daAuts
     D:6: 84 daAuts
     D:5: 17 daAuts
